 Dungeon Crawl Stone Soup version 0.17.0-1-g61d176b (webtiles) character file.

37 imganon the Chopper (level 3, 0/29 HPs)
             Began as a Demonspawn Berserker on Nov 7, 2015.
             Was a Follower of Trog.
             Succumbed to an adder's poison
             ... on level 2 of the Dungeon.
             The game lasted 00:02:14 (938 turns).

imganon the Chopper (Demonspawn Berserker)           Turns: 938, Time: 00:02:14

Health: 0/29       AC:  8    Str: 18    XL:     3   Next: 21%
Magic:  3/3        EV:  7    Int:  8    God:    Trog [*.....]
Gold:   40         SH:  0    Dex: 14    Spells: 0 memorised, 2 levels left

rFire  . . .     SeeInvis .     a - +0 hand axe
rCold  . . .     Clarity  .     e - +0 chain mail
rNeg   . . .     SustAt   +     (no shield)
rPois  .         Gourm    .     (no helmet)
rElec  .         Spirit   .     (no cloak)
rCorr  .         Warding  .     (no gloves)
rMut   .         Rnd*Tele +     (no boots)
MR     .....                    (no amulet)
Stlth  ..........               l - ring of sustain attributes
                                i - ring of teleportation (curse)

@: lethally poisoned (0 -> -10), very slightly contaminated, not resistant to
hostile enchantments, extremely unstealthy
A: thin skeletal structure 1, demonic guardian 1
a: Berserk, Burn Spellbooks, Renounce Religion, Evoke Teleportation


You were on level 2 of the Dungeon.
You worshipped Trog.
Trog was aware of your devotion.
You were not hungry.

You visited 1 branch of the dungeon, and saw 2 of its levels.

You collected 40 gold pieces.

Inventory:

Hand Weapons
 a - a +0 hand axe (weapon)
Armour
 e - a +0 chain mail (worn)
Jewellery
 i - a cursed ring of teleportation (left hand)
 l - a ring of sustain attributes (right hand)
Scrolls
 f - a scroll of magic mapping {unknown}
 g - a scroll of enchant armour {unknown}
 h - a scroll of teleportation {unknown}
 k - a scroll of noise {unknown}
Potions
 m - a potion of curing {unknown}
Comestibles
 b - 2 meat rations
 c - 3 bread rations
 d - 2 fruits


   Skills:
 - Level 3.0 Fighting
 + Level 3.9 Axes
 - Level 1.7 Armour
 - Level 1.7 Dodging


You had 2 spell levels left.
You didn't know any spells.

Dungeon Overview and Level Annotations

Branches:
Dungeon (2/15)

Altars:


Innate Abilities, Weirdness & Mutations

You have a somewhat thin skeletal structure (Dex +2, Stealth).
A weak demonic guardian rushes to your aid.


Message History

The goblin barely misses you. The giant cockroach barely misses you.
The adder bites you.
You feel sick. The adder barely misses you.
The giant cockroach bites you but does no damage.
The goblin hits you but does no damage. The bat hits you but does no damage.
The bat barely misses you. The adder bites you.
* * * LOW HITPOINT WARNING * * *
You are lethally poisoned!
The adder poisons you!
The giant cockroach bites you but does no damage.
The goblin closely misses you. The adder bites you but does no damage.
* * * LOW HITPOINT WARNING * * *
You feel sick. The giant cockroach bites you.
* * * LOW HITPOINT WARNING * * *
The adder bites you.
* * * LOW HITPOINT WARNING * * *
The goblin hits you but does no damage.
The giant cockroach bites you but does no damage.
The bat hits you but does no damage.
You die...

#.#.#.#.# .........#
#.#.#.#.# .........#
#.#.#)#.# !........####
#.#.#.#.# ............#
#.#.#)#)#
#........##.###.#.#.#.#
#........##........<..#
#.....sSb##..##.#.######
.....bg@...........>....
###########..#....#..###
#..#.#..#..#
#..#.......#
#..###..#..#
#.......#.... ##.......
.## #######..## ..#


You could see an adder, a giant cockroach, a goblin and 2 bats.

Vanquished Creatures
  2 gnolls (D:2)
  4 hobgoblins (D:1)
  2 bats (D:1)
  2 giant newts (D:1)
  4 goblins (D:1)
  2 kobolds (D:1)
  2 rats (D:1)
18 creatures vanquished.

Vanquished Creatures (collateral kills)
  A gnoll (D:2)
1 creature vanquished.

Grand Total: 19 creatures vanquished

Notes
Turn   | Place    | Note
--------------------------------------------------------------
     0 | D:1      | imganon the Demonspawn Berserker began the quest for the Orb.
     0 | D:1      | Reached XP level 1. HP: 18/18 MP: 1/1
   294 | D:1      | Gained mutation: A weak demonic guardian rushes to your aid. [demonic ancestry]
   294 | D:1      | Reached XP level 2. HP: 24/24 MP: 2/2
   633 | D:2      | Gained mutation: You have a somewhat thin skeletal structure (Dex +2, Stealth). [demonic ancestry]
   633 | D:2      | Reached XP level 3. HP: 7/29 MP: 3/3
   937 | D:2      | HP: 1/29 [adder (3)]
   938 | D:2      | Succumbed to an adder's poison

Action                   || total
-------------------------++-------
Melee: Hand axe          ||    71
Invok: Berserk           ||     1
  Use: Scroll            ||     1
  Eat: Chunk             ||     1
